Get step-by-step instructions on how to execute this build order below. Start the game timer, and the build order will tick by so you can play in parallel with StarCraft on a second screen or mobile device.

Game Time

  0:00

Last Step

  N/A

Next Step

  12  0:03  Probe (Chrono Boost)  

Upcoming Step

  13  0:13  Probe (Chrono Boost)  

Don't want to look back and forth between 2 screens? Try out our Overwolf App, the Spawning Tool Build Advisor to get an in-game overlay with this build!

Complete Build Order

  12  0:03  Probe (Chrono Boost)  
  13  0:13  Probe (Chrono Boost)  
  14  0:18  Probe (Chrono Boost)  
  15  0:25  Pylon  
  15  0:44  Forge  
  15  0:49  Gateway  
  15  0:53  Probe, Assimilator  
  16  1:01  Pylon  
  16  1:05  Probe  
  17  1:21  Probe (Chrono Boost)  
  18  1:27  Assimilator  
  18  1:31  Probe (Chrono Boost)  
  19  1:38  Cybernetics Core  
  19  1:46  Probe  
  20  1:58  Probe  
  21  2:09  Pylon  
  21  2:14  Probe (Chrono Boost)  
  22  2:24  Probe (Chrono Boost)  
  22  2:29  Probe (Chrono Boost), Stargate  
  24  2:40  Probe, Forge  
  25  2:45  Pylon  
  25  3:01  Stargate  
  25  3:05  Probe (Chrono Boost)  
  26  3:15  Probe (Chrono Boost)  
  26  3:19  Void Ray  
  31  3:41  Photon Cannon  
  31  3:45  Void Ray  
  35  3:49  Probe  
  36  4:01  Probe  
  37  4:04  Pylon  
  37  4:12  Void Ray  
  41  4:32  Pylon  
  41  4:36  Void Ray  
  45  4:49  Photon Cannon  
  45  5:02  Pylon  
  45  5:08  Void Ray  
  49  5:18  Photon Cannon  
  49  5:26  Photon Cannon  
  49  5:36  Photon Cannon  
  45  6:57  Void Ray x2  
  41  7:35  Nexus  
  29  8:00  Protoss Air Weapons Level 1  
  29  8:04  Stargate  
  29  8:06  Pylon  
  29  8:10  Assimilator  
  29  8:12  Pylon  
  29  8:22  Pylon  
  29  8:28  Photon Cannon  
  29  8:30  Photon Cannon  
  29  8:32  Photon Cannon  
  29  8:35  Photon Cannon  
  29  8:41  Photon Cannon, Stargate  
  29  8:44  Protoss Shields Level 1  
  29  8:51  Probe (Chrono Boost), Photon Cannon  
  30  9:00  Photon Cannon  
  30  9:02  Probe (Chrono Boost)  
  31  9:07  Probe (Chrono Boost)  
  31  9:09  Void Ray  
  36  9:18  Probe  
  36  9:20  Photon Cannon  
  37  9:30  Probe  
  38  9:42  Probe  
  39  9:46  Void Ray  
  43  9:54  Probe (Chrono Boost)  
  44  10:06  Probe (Chrono Boost)  
  45  10:08  Void Ray  
  45  10:12  Probe (Chrono Boost)  
  50  10:20  Probe  
  51  10:22  Assimilator  
  51  10:28  Protoss Air Armor Level 1  
  51  10:34  Probe  
  52  10:44  Void Ray  
  52  10:46  Probe (Chrono Boost)  
  57  10:59  Probe (Chrono Boost)  
  57  11:02  Void Ray  
  62  11:08  Probe (Chrono Boost)  
  63  11:12  Stargate  
  63  11:13  Probe  
  64  11:25  Probe  
  65  11:31  Photon Cannon  
  65  11:36  Void Ray  
  65  11:37  Probe  
  70  11:47  Void Ray  
  70  11:49  Probe  
  75  12:04  Photon Cannon  
  75  12:09  Pylon  
  75  12:15  Void Ray  
  79  12:22  Void Ray  
  83  12:26  Fleet Beacon  
  83  12:31  Pylon  
  83  13:07  Pylon  
  79  13:26  Void Ray x3  
  67  13:37  Photon Cannon  
  67  13:39  Photon Cannon  
  67  13:41  Photon Cannon  
  67  13:51  Shield Battery  
  67  13:57  Shield Battery  
  67  14:05  Protoss Air Weapons Level 2  
  67  14:14  Photon Cannon  
  67  14:16  Photon Cannon  
  67  14:22  Photon Cannon  
  67  14:27  Void Ray  
  67  14:28  Void Ray  
  75  14:38  Shield Battery  
  75  14:43  Photon Cannon  
  75  14:58  Void Ray  
  79  15:16  Shield Battery  
  79  16:02  Photon Cannon  
  79  16:11  Pylon  
  79  16:12  Void Ray x2  
  79  16:13  Void Ray  
  91  16:25  Robotics Facility  
  91  16:35  Photon Cannon  
  91  16:55  Void Ray  
  95  17:07  Void Ray x2  
  103  17:13  Observer  
  100  17:54  Void Ray  
  100  17:55  Void Ray x2  
  111  18:28  Pylon  
  111  18:39  Observer  
  108  18:46  Void Ray  
  112  18:52  Photon Cannon  
  112  19:57  Nexus